 Dungeon Crawl Stone Soup version 0.30-b1-2-g02819fbbbe (webtiles) character file.

Game seed: 5387941613607749081

24 Mesmaeker13 the Conjurer (level 2, -1/24 HPs)
             Began as a Demigod Reaver on July 15, 2023.
             Succumbed to an adder's poison
             ... on level 1 of the Dungeon.
             The game lasted 00:01:04 (555 turns).

Mesmaeker13 the Conjurer (Demigod Reaver)            Turns: 555, Time: 00:01:04

Health: -1/24      AC:  3    Str: 13    XL:     2   Next: 60%
Magic:  7/7        EV: 11    Int: 15    God:
Gold:   110        SH:  0    Dex: 12    Spells: 4/5 levels left

rFire   . . .        a - +0 mace
rCold   + . .        (no shield)
rNeg    . . .        b - +0 leather armour
rPois   .            (no helmet)
rElec   .            (no cloak)
rCorr   .            (no gloves)
SInv    .            (no boots)
Will    .....        (no amulet)
Stlth   +            f - ring of protection from cold
HPRegen 0.24/turn    (no ring)
MPRegen 0.10/turn

%: no passive effects
@: lethally poisoned (-1 -> -7)
A: high MP 1, forlorn, divine attributes
a: no special abilities


You were on level 1 of the Dungeon.
You visited 1 branch of the dungeon, and saw 2 of its levels.

You collected 110 gold pieces.

Inventory:

Hand Weapons
 a - a +0 mace (weapon)
Armour
 b - a +0 leather armour (worn)
 l - a +0 buckler of cold resistance
Jewellery
 f - a ring of protection from cold (left hand)
Scrolls
 c - a scroll of magic mapping
 d - a scroll of blinking
 i - a scroll of fog {unknown}
 m - a scroll of enchant armour {unknown}
Potions
 g - a potion of lignification
 h - 2 potions of attraction
 j - a potion of degeneration {unknown}
 k - a potion of brilliance {unknown}


   Skills:
 + Level 2.1 Fighting
 - Level 2.6 Maces & Flails
 + Level 2.1 Dodging
 + Level 2.1 Spellcasting
 + Level 3.0 Conjurations


You had 4 spell levels left.
You knew the following spells:

 Your Spells              Type           Power      Damage    Failure   Level
a - Kiss of Death         Conj/Necr      24%        2d7       16%         1

Your spell library contained the following spells:

 Spells                   Type           Power      Damage    Failure   Level
 Momentum Strike          Conj/Tloc      12%        3d8       22%         2
 Hailstorm                Conj/Ice       6%         3d4       41%         3


Dungeon Overview and Level Annotations

Branches:
Dungeon (2/15)


Innate Abilities, Weirdness & Mutations

You have an increased reservoir of magic. (+10% MP)
You shall have no god before yourself.
Your divine heritage dramatically boosts your attributes as you level up.


Message History

You feel sick. The adder closely misses you.
Your Conjurations skill increases to level 3!
Unknown command.
You barely miss the adder.
You feel sick. The adder misses you. The adder bites you but does no damage.
You closely miss the adder.
You feel sick. The adder barely misses you.
You closely miss the adder.
You feel sick.
You are no longer poisoned.
The adder bites you.
* * * LOW HITPOINT WARNING * * *
The adder barely misses you.
You hit the adder.
The adder is moderately wounded.
The adder bites you but does no damage. The adder bites you.
* * * LOW HITPOINT WARNING * * *
You hit the adder.
The adder is severely wounded.
The adder closely misses you.
You closely miss the adder.
The adder is severely wounded.
The adder closely misses you. The adder completely misses you.
You hit the adder.
The adder is almost dead.
The adder bites you.
* * * LOW HITPOINT WARNING * * *
The adder bites you.
* * * LOW HITPOINT WARNING * * *
You hit the adder.
The adder is almost dead.
The adder barely misses you.
You closely miss the adder.
The adder is almost dead.
The adder bites you.
* * * LOW HITPOINT WARNING * * *
You are lethally poisoned!
The adder poisons you! The adder bites you but does no damage.
Unknown command.
You closely miss the adder.
The adder is almost dead.
You die...

#..................
#..................
#....).............
#..................
#>.................
#..........####....
#..........#####'##
##..........#......
##@S......###.8.8.8
#†.........##......
#...........+.8.<.8
#..........##......
#..........##.8.8.8
#..........##......
##........######+##
##......## #...
######## ####


You could see an adder.

Vanquished Creatures
  A dart slug (D:1)
  A ball python (D:1)
  3 giant cockroaches (D:1)
  3 goblins (D:1)
  3 jackals (D:1)
  2 quokkas (D:1)
  A bat (D:1)
  3 frilled lizards (D:1)
  A kobold (D:1)
  2 rats (D:1)
20 creatures vanquished.

Notes
Turn   | Place    | Note
-------+----------+-------------------------------------------
     0 | D:1      | Mesmaeker13 the Demigod Reaver began the quest for the Orb.
     0 | D:1      | Reached XP level 1. HP: 17/17 MP: 5/5
   196 | D:1      | Reached XP level 2. HP: 24/24 MP: 7/7
   546 | D:1      | Reached skill level 3 in Conjurations
   552 | D:1      | HP: 1/24 [adder (1)]
   555 | D:1      | Succumbed to an adder's poison

Illustrated notes

Levels and vault maps discovered:
D:1:      doesnt_arrival_eight_statues, layout_rooms
D:2:      layout_loops_cross

Skill      XL: |  1  2 |
---------------+-------+-----
Dodging        | 2 |  2.1
Fighting       | 2 |  2.1
Spellcasting   | 2 |  2.1
Conjurations   | 3 |  3.0
Maces & Flails | |  2.6

Action                     || total
---------------------------++-------
  Melee: Mace              ||    67
    Use: Scroll            ||     4
 Armour: Leather armour    ||    22
  Dodge: Dodged            ||    46
